 Dungeon Crawl Stone Soup version 0.31-a0-208-gdb31a4691d (webtiles) character file.

Game seed: 15791269655780657674

83 Anon1729 the Trooper (level 4, 0/40 HPs)
             Began as a Minotaur Monk on June 28, 2023.
             Slain by a goblin
             ... wielding a +0 dagger
             ... led by Robin
              (3 damage)
             ... on level 2 of the Dungeon.
             The game lasted 00:00:21 (928 turns).

Anon1729 the Trooper (Minotaur Monk)                 Turns: 928, Time: 00:00:22

Health: 0/40       AC:  2    Str: 15    XL:     4   Next: 22%
Magic:  4/4        EV: 13    Int:  7    God:
Gold:   45         SH:  0    Dex: 15    Spells: 3/3 levels left

rFire   . . .        o - +0 dagger (venom)
rCold   . . .        d - orb {light}
rNeg    . . .        b - +0 robe
rPois   .            (helmet restricted)
rElec   .            (no cloak)
rCorr   .            (no gloves)
SInv    .            (no boots)
Will    .....        (no amulet)
Stlth   +            (no ring)
HPRegen 0.26/turn    (no ring)
MPRegen 0.09/turn

%: no passive effects
@: glowing
A: horns 2, retaliatory headbutt
a: no special abilities


You were on level 2 of the Dungeon.
You visited 1 branch of the dungeon, and saw 2 of its levels.

You collected 45 gold pieces.

Inventory:

Hand Weapons
 a - a +0 short sword
 o - a +0 dagger of venom (weapon)
Armour
 b - a +0 robe (worn)
 d - an orb of light (worn)
Jewellery
 l - a +6 ring of strength
Scrolls
 g - a scroll of identify {unknown}
 h - a scroll of noise {unknown}
 i - a scroll of fear {unknown}
 j - a scroll of teleportation {unknown}
 m - a scroll of enchant weapon {unknown}
 n - a scroll of fog {unknown}
Potions
 c - 2 potions of ambrosia
 e - 2 potions of curing {unknown}
 f - a potion of heal wounds {unknown}
 k - a potion of haste {unknown}


   Skills:
 + Level 4.2 Fighting
 + Level 3.8 Short Blades
 + Level 1.9 Armour
 + Level 3.8 Dodging
 + Level 1.4 Invocations


You had 3 spell levels left.
You didn't know any spells.
Your spell library contained the following spells:

 Spells                   Type           Power      Damage    Failure   Level
 Kiss of Death            Conj/Necr      0%         2d5       43%         1
 Confusing Touch          Hex            0%         N/A       80%         3
 Dispel Undead            Necr           0%         3d6       99%         4


Dungeon Overview and Level Annotations

Branches:
Dungeon (2/15)

Altars:


Innate Abilities, Weirdness & Mutations

You have a pair of horns on your head.
You reflexively headbutt those who attack you in melee.


Message History

The goblin barely misses you.
You feel sick.
Things that are here:
a +0 dagger of venom; a goblin corpse Your +0 dagger of venom begins to drip with poison!
o - a +0 dagger of venom (weapon)
The goblin attacks as you move away! The goblin hits you with a +0 club.
* * * LOW HITPOINT WARNING * * *
You feel sick.
The goblin no longer looks unusually strong. x2
You feel sick.
The goblin no longer looks unusually strong.
You feel sick.
You hit the goblin.
The goblin is poisoned.
The goblin is heavily wounded.
You feel sick.
Robin roars a battlecry!
The goblins go into a battle-frenzy!
You hit the goblin.
You kill the goblin!
You feel sick.
You are no longer poisoned.
You kill the goblin!
You hit the goblin.
The goblin is poisoned.
You headbutt the goblin.
You kill the goblin!
Robin says, "My goblins will feast on your bones."
Robin completely misses you. You furiously retaliate!
You headbutt Robin!
Things that are here:
a +0 club; a +0 dagger; a goblin corpse You hit Robin.
Robin is severely wounded.
Robin throws the goblin at you! The goblin hits you with a +0 dagger.
* * * LOW HITPOINT WARNING * * *
You hit Robin.
Robin is almost dead.
You hit Robin but do no damage.
Robin is poisoned.
Robin is almost dead.
You kill Robin!
The goblin hits you with a +0 dagger.
You die...

.......## .......<.
........# ........#
........# .>.....g#
.....g))# #.#####
#.g)@.#
#.########g#########
#........#..........
#######.....########
###..#.## #....#.#
#######.#.##.#
##...##....##.#
#.###......##.##


You could see 2 goblins.

Vanquished Creatures
  Jessica (D:2)
  Robin (D:2)
  An adder (D:2)
  2 dart slugs (D:1)
  3 endoplasms
  12 goblins
  5 hobgoblins (D:2)
  3 kobolds
  2 quokkas (D:1)
  5 ball pythons (D:1)
  2 bats
  A frilled lizard (D:1)
  2 rats (D:1)
40 creatures vanquished.

Notes
Turn   | Place    | Note
-------+----------+-------------------------------------------
     0 | D:1      | Anon1729 the Minotaur Monk began the quest for the Orb.
     0 | D:1      | Reached XP level 1. HP: 19/19 MP: 0/0
   204 | D:1      | Reached XP level 2. HP: 27/27 MP: 1/1
   270 | D:1      | Reached skill level 1 in Armour
   733 | D:1      | You fall into a shaft and drop 1 floor!
   744 | D:2      | Reached skill level 1 in Invocations
   744 | D:2      | Reached XP level 3. HP: 33/33 MP: 2/2
   800 | D:2      | Noticed Jessica
   805 | D:2      | Killed Jessica
   806 | D:2      | Reached skill level 4 in Fighting
   872 | D:2      | Reached XP level 4. HP: 38/40 MP: 2/4
   901 | D:2      | Noticed Robin
   926 | D:2      | HP: 2/40 [goblin/+0 dagger[Robin] (3)]
   928 | D:2      | Killed Robin
   928 | D:2      | Slain by a goblin

Illustrated notes

Levels and vault maps discovered:
D:1:      dpeg_arrival_pond, layout_loops_ring
D:2:      layout_loops_ring, uniq_jessica, uniq_sigmund, uniq_robin

Skill      XL: |  1  2  3 |
---------------+----------+-----
Armour         | 1 |  1.9
Invocations    | 1 |  1.4
Fighting       | 4 |  4.2
Short Blades   | |  3.8
Dodging        | |  3.8

Action                     |  1- 3 |  4- 6 || total
---------------------------+-------+-------++-------
  Melee: Short sword       |    65 |    14 ||    79
         Headbutt          |    14 |     2 ||    16
         Dagger            |       |     6 ||     6
 Armour: Robe              |     5 |     3 ||     8
  Dodge: Dodged            |    32 |    20 ||    52

Table legend: (Time is in decaauts)
 A = Elapsed time spent in this place.
 B = Non-inter-level travel time spent in this place.
 C = Inter-level travel time spent in this place.
 D = Time resting spent in this place.
 E = Time spent auto-exploring this place.
 F = Levels seen in this place.
 G = Mean time per level.
                   A        B        C        D        E       F      G
               +--------+--------+--------+--------+--------+-----+--------+
         Total |    912 |    912 |      0 |      0 |    743 |   2 |  456.0 |
       Dungeon |    912 |    912 |      0 |      0 |    743 |   2 |  456.0 |
               +--------+--------+--------+--------+--------+-----+--------+

Top non-repeatable levels by time:
     D:1: 725 daAuts
     D:2: 187 daAuts
